 Dungeon Crawl Stone Soup version 0.23.2-33-g5129a83 (webtiles) character file.

Game seed: 3691225939556962280

2742 technought the Basher (level 9, -1/82 HPs)
             Began as a Gargoyle Fighter on Aug 7, 2019.
             Was a High Priest of Dithmenos.
             Slain by a two-headed ogre
             ... wielding a +0 giant club
              (7 damage)
             ... on level 7 of the Dungeon.
             The game lasted 00:13:42 (4899 turns).

technought the Basher (Gargoyle Fighter)            Turns: 4899, Time: 00:13:43

Health: -1/82      AC: 24    Str: 23    XL:     9   Next: 68%
Magic:  0/9        EV:  2    Int:  9    God:    Dithmenos [*****.]
Gold:   276        SH: 11    Dex:  9    Spells: 8/8 levels left

rFire    x . .     SeeInvis .   b - +2 mace "Ynakeit" {pain, rElec}
rCold    + . .     Gourm    .   c - +0 shield
rNeg     + + +     Faith    .   (armour currently unavailable)
rPois    ∞         Spirit   +   (helmet currently unavailable)
rElec    +         Reflect  .   (cloak currently unavailable)
rCorr    .         Harm     .   (gloves currently unavailable)
MR       .....     NoTele   +   (boots currently unavailable)
Stlth    ++........             p - amulet of guardian spirit
HPRegen  0.23/turn              j - ring of ice
MPRegen  0.11/turn              (no ring)

@: tree-form, wreathed by umbra
A: negative energy resistance 1, petrification resistance, rot immunity, AC +6
a: Shadow Step, Shadow Form, Renounce Religion


You were on level 7 of the Dungeon.
You worshipped Dithmenos.
Dithmenos was extremely pleased with you.
You were not hungry.
You were a tree.
You visited 1 branch of the dungeon, and saw 7 of its levels.
You also visited: Sewer.

You collected 334 gold pieces.
You spent 58 gold pieces at shops.

Inventory:

Hand Weapons
 a - a +3 flail
 b - the +2 mace "Ynakeit" (weapon) {pain, rElec}
   (You found it on level 6 of the Dungeon)

   In the hands of one skilled in necromantic magic, it inflicts extra damage on
   living creatures.
   It insulates you from electricity.
Armour
 c - a +0 shield (worn)
 e - a +1 plate armour (melded)
 k - a +0 helmet (melded)
 l - a +0 cloak (melded)
 n - a +0 pair of gloves (melded)
Jewellery
 i - an uncursed amulet of the acrobat
 j - a ring of ice (left branch)
 p - an amulet of guardian spirit (around neck)
Wands
 r - a wand of polymorph (5)
Scrolls
 g - 3 scrolls of teleportation
 h - 2 scrolls of magic mapping
 m - 2 scrolls of amnesia
 o - 5 scrolls of identify
 s - 5 scrolls of remove curse
 u - a scroll of holy word {unknown}
Potions
 d - 2 potions of heal wounds {unknown}
 t - 4 potions of flight
 w - a potion of cancellation {unknown}
Comestibles
 f - 4 rations


   Skills:
 + Level 6.1 Fighting
 + Level 8.7 Maces & Flails
 + Level 6.4 Armour
 + Level 1.2 Dodging
 + Level 0.2 Stealth
 + Level 8.1 Shields
 + Level 0.1 Evocations


You had 8 spell levels left.
You didn't know any spells.
Your spell library contained the following spells:

 Spells                   Type           Power        Failure   Level  Hunger
 Animate Skeleton         Necr           N/A          69%         1    ##.....
 Apportation              Tloc           #.....       69%         1    ##.....
 Confusing Touch          Hex            #.....       69%         1    ##.....
 Summon Small Mammal      Summ           #...         69%         1    ##.....


Dungeon Overview and Level Annotations

Branches:
Dungeon (7/15)             Temple (0/1) D:4

Altars:
Cheibriados
Dithmenos
Gozag
Wu Jian
Yredelemnul
The Shining One

Shops:
D:4 [

Annotations:
D:7 4 transporters


Innate Abilities, Weirdness & Mutations

You are resistant to torment.
((Your stone body is resilient. (AC +6)))
You are immune to poison.
You resist negative energy. (rN+)
((You are resistant to electric shocks. (rElec)))
((You can survive without breathing.))
You are immune to petrification.
You are immune to rotting.


Message History

You thump the two-headed ogre!
The two-headed ogre is severely wounded.
Your shadow hits the two-headed ogre but does no damage.
You block the centaur's attack.
The centaur hits you from afar with the +5 trident of Zacas {flame, rElec}.
The centaur burns you.
* * * LOW HITPOINT WARNING * * *
You hit the two-headed ogre.
The two-headed ogre is almost dead.
The two-headed ogre hits you but does no damage. x2
The centaur hits you from afar with the +5 trident of Zacas {flame, rElec}!
* * * LOW HITPOINT WARNING * * *
The centaur burns you.
* * * LOW HITPOINT WARNING * * *
You hit the two-headed ogre but do no damage.
The two-headed ogre is severely wounded.
You block the centaur's attack.
The two-headed ogre hits you but does no damage.
The two-headed ogre hits you with a +0 giant spiked club!
You die...

......#©...#.#...©#..♣........#
###..©#.....#.....#©..........#
......#©...#.#...©#..♣........$
.....##..##...##..####........#
.....#....#...#..†#..#.........
.....#.....W.......:[#.........
#....#.....©.©.†c.#./#.........
.....##........†O[#♣##..#......
......##...#####♣.###...#.....
....#..#####...####.....#...##
....##.........÷.......##..[..
........................#.....
..........#######.............
###........# #..............#
####.###...###.............. .
...#..##...............[#.....
...##.##....##........†.#.....


You could see a two-headed ogre, a phantom and a centaur.

Vanquished Creatures
  Pikel (D:6)
  A hornet (D:7)
  A yak (D:7)
  2 orc warriors (D:6)
  2 sky beasts (D:6)
  An ogre (D:5)
  A wolf (D:5)
  3 bullfrogs
  2 scorpions
  A howler monkey (D:4)
  4 wights (D:6)
  2 crimson imps (D:6)
  4 jellies
  3 hounds
  2 bullfrog skeletons
  A centaur skeleton (D:5)
  2 iguanas
  3 worker ants
  2 orc wizards
  A merfolk avatar (Sewer)
  A merfolk siren (Sewer)
  A hound zombie (D:6)
  A worker ant zombie (D:7)
  7 gnolls (D:3)
  A river rat (Sewer)
  16 adders
  4 shadow imps
  2 oozes
  2 dart slugs (D:1)
  A worm (D:3)
  3 leopard geckos
  9 orcs
  6 ball pythons
  7 bats
  9 giant cockroaches
  8 goblins
  14 hobgoblins
  8 jackals
  3 quokkas
  8 frilled lizards
  10 kobolds
  30 rats
190 creatures vanquished.

Vanquished Creatures (others)
  A hound zombie (D:6)
1 creature vanquished.

Grand Total: 191 creatures vanquished

Notes
Turn   | Place    | Note
-------+----------+-------------------------------------------
     0 | D:1      | technought the Gargoyle Fighter began the quest for the
                  | Orb.
     0 | D:1      | Reached XP level 1. HP: 14/14 MP: 1/1
   183 | D:1      | Reached XP level 2. HP: 19/19 MP: 2/2
   531 | D:1      | Reached XP level 3. HP: 23/23 MP: 3/3
  1027 | D:2      | Found a faded altar of an unknown god.
  1030 | D:2      | Became a worshipper of Dithmenos the Shadowed
  1030 | D:2      | Reached * piety under Dithmenos
  1188 | D:2      | Found a glowing golden altar of the Shining One.
  1200 | D:2      | Reached XP level 4. HP: 24/28 MP: 4/4
  1679 | D:3      | Reached ** piety under Dithmenos
  1684 | D:3      | HP: 1/42 [gnoll (5)]
  1866 | D:3      | Reached XP level 5. HP: 21/32 MP: 5/5
  2114 | D:3      | Reached skill level 5 in Shields
  2217 | D:3      | Found a faded altar of an unknown god.
  2217 | D:3      | Found a basalt altar of Yredelemnul.
  2222 | D:3      | Found an opulent altar of Gozag.
  2224 | D:3      | Found a snail-covered altar of Cheibriados.
  2226 | D:3      | Found a faded altar of an unknown god.
  2493 | D:3      | Found an ornate altar of the Wu Jian Council.
  2669 | D:4      | Reached XP level 6. HP: 37/38 MP: 6/6
  2903 | D:4      | Found a staircase to the Ecumenical Temple.
  3056 | D:4      | Found Barph's Armour Boutique.
  3065 | D:4      | Bought a +0 pair of gloves for 58 gold pieces
  3148 | D:5      | Entered Level 5 of the Dungeon
  3194 | D:5      | Reached XP level 7. HP: 42/42 MP: 2/7
  3241 | D:5      | Reached skill level 5 in Maces & Flails
  3305 | D:5      | Found a glowing golden altar of the Shining One.
  3462 | D:5      | Found a glowing drain.
  3467 | D:5      | Reached *** piety under Dithmenos
  3627 | Sewer    | Entered a sewer
  3849 | Sewer    | Reached **** piety under Dithmenos
  3945 | D:6      | Reached XP level 8. HP: 48/48 MP: 8/8
  3967 | D:6      | Reached skill level 5 in Armour
  3990 | D:6      | Noticed Pikel
  4000 | D:6      | Killed Pikel
  4008 | D:6      | Reached skill level 5 in Fighting
  4008 | D:6      | Reached skill level 1 in Dodging
  4150 | D:6      | Reached XP level 9. HP: 54/54 MP: 7/9
  4261 | D:6      | Got a bloodstained mace
  4265 | D:6      | Identified the +2 mace "Ynakeit" {pain, rElec} (You found
                  | it on level 6 of the Dungeon)
  4536 | D:7      | Noticed a two-headed ogre
  4541 | D:7      | Found a transporter.
  4542 | D:7      | Found a transporter.
  4596 | D:7      | Noticed a hornet
  4625 | D:7      | Killed a hornet
  4747 | D:7      | Found a transporter.
  4749 | D:7      | Identified the +5 trident of Zacas {flame, rElec}
  4826 | D:7      | Found a transporter.
  4837 | D:7      | Found a transporter.
  4867 | D:7      | Reached ***** piety under Dithmenos
  4899 | D:7      | Slain by a two-headed ogre

Skill      XL: |  1  2  3  4  5  6  7  8  9 |
---------------+----------------------------+-----
Shields        | 4 5 6 7 8 |  8.1
Maces & Flails | 3 4 6 7 8 |  8.7
Armour         | 4 6 |  6.4
Fighting       | 4 5 6 |  6.1
Dodging        | 1 |  1.2
Stealth        | |  0.2
Evocations     | |  0.1

Action                   |  1- 3 |  4- 6 |  7- 9 || total
-------------------------+-------+-------+-------++-------
Melee: Flail             |   164 |   340 |   325 ||   829
       Mace              |       |       |   101 ||   101
Evoke: Wand              |       |       |     8 ||     8
  Use: Scroll            |     2 |     4 |     5 ||    11
       Potion            |       |     5 |     5 ||    10
  Eat: Ration            |     1 |     2 |     1 ||     4
       Chunk             |       |       |     2 ||     2
Armor: Plate armour      |   130 |   318 |   282 ||   730
       Skin              |       |     3 |     9 ||    12
Dodge: Dodged            |    18 |    91 |   122 ||   231
Block: Shield            |    97 |   268 |   286 ||   651
